 Dungeon Crawl Stone Soup version 0.21.1-1-g345015f (webtiles) character file.

15105 tidbits the Martial Artist (level 12, -11/91 HPs)
             Began as a Gnoll Transmuter on Mar 23, 2018.
             Was a High Priest of Cheibriados.
             Mangled by an orc knight
             ... wielding a +0 long sword
              (33 damage)
             ... on level 2 of the Orcish Mines.
             The game lasted 00:45:48 (3935 turns).

tidbits the Martial Artist (Gnoll Transmuter)       Turns: 3935, Time: 00:45:49

Health: -11/91     AC: 10    Str: 27    XL:     12   Next: 23%
Magic:  16/24      EV: 26    Int: 32    God:    Cheibriados [*****.]
Gold:   567        SH:  0    Dex: 32    Spells: 14/28 levels left

rFire    . . .     SeeInvis .     - Unarmed
rCold    . . .     Gourm    .   (shield currently unavailable)
rNeg     + + .     Faith    .   B - +4 ring mail "Qeff" {rN++ Regen+ Str+4}
rPois    .         Spirit   .   (no helmet)
rElec    .         Reflect  .   (no cloak)
rCorr    .         Harm     .   (gloves currently unavailable)
MR       .....                  (no boots)
Stlth    +++++.....             R - amulet of regeneration
HPRegen  1.05/turn              (no ring)
MPRegen  0.19/turn              (no ring)

@: agile, blade hands, very slow
A: distributed training, fangs 1, talons 1, evolution 1, strong nose
a: End Transformation, Bend Time, Temporal Distortion, Slouch, Step From Time,
Renounce Religion


You were on level 2 of the Orcish Mines.
You worshipped Cheibriados.
Cheibriados was extremely pleased with you.
You were hungry.
You had blades for hands.
You visited 3 branches of the dungeon, and saw 15 of its levels.

You collected 927 gold pieces.
You spent 360 gold pieces at shops.

Inventory:

Hand Weapons
 f - a +0 dagger
 n - a +0 short sword
 o - a +2 hand axe of venom
   (You took it off an orc on level 1 of the Orcish Mines)
 x - a +0 long sword
 z - a +1 dagger of freezing
   (You took it off an orc wizard on level 2 of the Orcish Mines)
 E - a +0 hand crossbow
 M - a +1 whip of electrocution
   (You took it off a gnoll on level 9 of the Dungeon)
 N - a +1 shortbow of freezing (melded)
   (You took it off a centaur on level 9 of the Dungeon)
 P - a +1 dagger of draining
   (You took it off an orc wizard on level 9 of the Dungeon)
Missiles
 a - 73 arrows
 p - 2 throwing nets {!f}
 v - 55 bolts
 y - 21 sling bullets
 F - 6 stones
 S - 2 tomahawks (quivered)
Armour
 b - a +0 robe
 g - a +2 pair of gloves
 l - the +0 leather armour of Xirin {rF- rC+ Dex+3}
   (You found it on level 7 of the Dungeon)

   It affects your dexterity (+3).
   It makes you vulnerable to fire.
   It protects you from cold.
 t - a +0 ring mail
 w - a +0 ring mail
 A - a +1 ring mail of poison resistance
   (You took it off Joseph on level 7 of the Dungeon)
 B - the +4 ring mail "Qeff" (worn) {rN++ Regen+ Str+4}
   (You found it on level 8 of the Dungeon)

   It affects your strength (+4).
   It greatly protects you from negative energy.
   It increases your rate of regeneration.
 D - a +0 leather armour of fire resistance
   (You took it off an orc priest on level 11 of the Dungeon)
 G - a +2 pair of gloves (melded)
Jewellery
 R - an amulet of regeneration (around neck)
   (You found it on level 1 of the Dungeon)
Wands
 O - a wand of enslavement (5)
Scrolls
 e - a scroll of amnesia
 j - a scroll of fog
 q - 2 scrolls of fear
 r - 2 scrolls of remove curse
 s - a scroll of noise
 C - a scroll of teleportation
 J - a scroll of magic mapping
 L - a scroll of immolation {unknown}
Potions
 i - 4 potions of curing
 k - a potion of might
 m - 2 potions of cancellation
 u - 2 potions of ambrosia
 H - a potion of brilliance
 I - a potion of flight
 K - a potion of lignification
 Q - a potion of haste {unknown}
Books
 d - a book of Changes

   Spells                             Type                      Level
   a - Beastly Appendage              Transmutation                1
   b - Sticks to Snakes               Transmutation                2
   c - Spider Form                    Transmutation/Poison         3
   d - Ice Form                       Ice/Transmutation            4
   e - Blade Hands                    Transmutation                5
Comestibles
 c - 15 rations


   Skills:
 + Level 7.5 Fighting
 + Level 7.0 Short Blades
 + Level 7.0 Long Blades
 + Level 7.0 Axes
 + Level 7.0 Maces & Flails
 + Level 7.0 Polearms
 + Level 7.0 Staves
 + Level 7.0 Slings
 + Level 7.0 Bows
 + Level 7.0 Crossbows
 + Level 7.0 Throwing
 + Level 7.0 Armour
 + Level 8.4 Dodging
 + Level 7.0 Stealth
 + Level 7.0 Shields
 + Level 9.6 Unarmed Combat
 + Level 8.7 Spellcasting
 + Level 5.8 Conjurations
 + Level 5.8 Hexes
 + Level 5.8 Charms
 + Level 5.8 Summonings
 + Level 5.8 Necromancy
 + Level 5.8 Translocations
 + Level 7.0 Transmutations
 + Level 5.8 Fire Magic
 + Level 5.8 Ice Magic
 + Level 5.8 Air Magic
 + Level 5.8 Earth Magic
 + Level 5.8 Poison Magic
 + Level 7.6 Invocations
 + Level 7.0 Evocations


You had 14 spell levels left.
You knew the following spells:

 Your Spells              Type           Power        Failure   Level  Hunger
h - Blade Hands           Tmut           ######....   41%         5    ####...
i - Ice Form              Ice/Tmut       ######..     28%         4    None
k - Sticks to Snakes      Tmut           ######..     11%         2    None
p - Spider Form           Tmut/Pois      ######....   16%         3    None


Dungeon Overview and Level Annotations

Branches:
Dungeon (12/15)            Temple (1/1) D:4            Lair (0/6) D:10
    Orc (2/2) D:11            Elf (0/3) Orc:2

Altars:
Ashenzari
Cheibriados
Gozag
Nemelex Xobeh
Qazlal
Trog
Beogh

Shops:
Orc:2 !%


Innate Abilities, Weirdness & Mutations

Your experience applies equally to all skills.
You have very sharp teeth.
Your uncanny sense of smell can sniff out nearby items.
You have sharp toenails.
You evolve.


Message History

The orc sorcerer hits you but does no damage.
You hit the orc sorcerer.
You kill the orc sorcerer!
Cheibriados appreciates the change of pace.
Your orc knight is smitten.
You shred the orc sorcerer!!!
You kill the orc sorcerer!
Cheibriados thoroughly appreciates the change of pace.
Your Transmutations skill increases to level 7!
Your orc knight is smitten.
You swap places.
An orc warrior and an orc priest come into view.
The orc warrior shouts!
You hear a shout! x2
The red devil misses you.
The orc warrior moves out of view.
An orc warrior comes into view. It is wielding an enchanted halberd.
Items here: ))) [[[ †† You hit the red devil but do no damage.
Your kick misses the red devil.
You bite the red devil, but do no damage.
The red devil barely misses you.
Unknown command.
You barely miss the red devil.
You claw the red devil, but do no damage.
Your bite misses the red devil.
The red devil hits you with a trident of freezing.
The red devil freezes you.
Unknown command.
You barely miss the red devil. You claw the red devil.
The red devil is lightly wounded.
The red devil completely misses you.
You closely miss the red devil. You claw the red devil.
The red devil is lightly wounded.
The orc priest invokes the aid of Beogh against you.
Beogh smites you!
An orc knight comes into view. It is wielding a long sword.
You shred the red devil!!!
You kill the red devil!
Cheibriados appreciates the change of pace.
Unknown command.
The orc warrior hits you with an enchanted hand axe!
Things that are here:
a flail; an orc skeleton You slash the orc warrior!
You claw the orc warrior.
The orc warrior is heavily wounded.
The orc warrior hits you but does no damage.
The orc priest looks encouraged for a moment.
You shred the orc warrior!!!
You kill the orc warrior!
Cheibriados thoroughly appreciates the change of pace.
The orc priest invokes the aid of Beogh against you.
Beogh smites you!
You shred the orc warrior!!!
You kill the orc warrior!
Cheibriados appreciates the change of pace.
The orc knight is no longer charmed.
The orc knight roars a battlecry!
The orc priests go into a battle-frenzy!
The orc priest calls upon Beogh to heal the orc knight.
The orc knight is healed somewhat.
Unknown command.
You can feel time thicken for a moment.
You kill the orc priest!
Cheibriados appreciates the change of pace.
You kill the orc priest!
Cheibriados appreciates the change of pace.
You are feeling hungry.
Cheibriados lowers the support of your attributes as your movement quickens.
Unknown command.
You slice the orc knight!! You claw the orc knight.
Your slash misses the orc knight. Your bite misses the orc knight.
The orc knight is almost dead.
The orc knight hits you with a dire flail!!
* * * LOW HITPOINT WARNING * * *
The flow of time bends around you.
Cheibriados rebukes the orc knight.
The orc knight seems to slow down.
Cheibriados rebukes the orc knight.
The orc knight seems to slow down.
You feel slightly more hungry.
The orc knight hits you with a long sword!!
* * * LOW HITPOINT WARNING * * *
You feel agile all of a sudden. The orc knight completely misses you.
Unknown command.
You shred the orc knight!!!
You kill the orc knight!
Cheibriados appreciates the change of pace.
Your Short Blades skill increases to level 7!
Your Long Blades skill increases to level 7!
Your Axes skill increases to level 7!
Your Maces & Flails skill increases to level 7!
Your Polearms skill increases to level 7!
Your Staves skill increases to level 7!
Your Slings skill increases to level 7!
Your Bows skill increases to level 7!
Your Crossbows skill increases to level 7!
Your Throwing skill increases to level 7!
Your Armour skill increases to level 7!
Your Stealth skill increases to level 7!
Your Shields skill increases to level 7!
Your Evocations skill increases to level 7!
The orc knight hits you with a long sword!!
You die...

##....#.()## ##.....#.∩##
##..#.....# .. ##.....#.∩## #o#
##....#...## ...# ##...#....##
#...# ##).......## #### ####..o#
##...###).####
.#.###.###..o###@..###))###.###
....#...# #..)#o).###(.###......
.#.....## #)#.###..###........
.#......### #.).###..###.........
........#.####.###).###..........
........)...#####..###...........
##......))...###..###............
#.####.)......#).)##............#
...##..........[)..............#.


You could see an orc knight.

Vanquished Creatures
  The ghost of VLARC the Fighter, a journeyman OgIE of Kikubaaqudgha (Orc:2)
  The ghost of Baghtru the Fighter, a journeyman MiFi of Okawaru (Orc:2)
  2 two-headed ogres
  Pikel (D:8)
  The ghost of tidbits the Insei, a novice GnTm of Cheibriados (D:8)
  2 orc knights (Orc:2)
  2 orc sorcerers (Orc:2)
  Joseph (D:7)
  A hellwing (Orc:2)
  3 trolls (Orc:2)
  A red devil (Orc:2)
  7 yaks
  A wyvern (D:10)
  A steam dragon (D:11)
  Grum (D:10)
  2 hell hounds (D:10)
  A swamp drake (D:11)
  A black bear (D:8)
  24 orc warriors
  2 sky beasts (D:9)
  An ice beast (D:8)
  A necrophage (D:8)
  4 ogres
  A centaur (D:9)
  4 wolves (D:10)
  2 big kobolds
  A bullfrog (D:9)
  A wyvern skeleton (D:9)
  A scorpion (D:10)
  A water moccasin skeleton (D:4)
  4 howler monkeys
  6 hounds
  2 bullfrog skeletons
  20 orc priests
  A gnoll shaman (D:9)
  4 iguanas
  19 orc wizards
  4 worker ants
  A hound skeleton (D:8)
  12 gnolls
  4 adders
  3 shadow imps
  A dart slug (D:1)
  4 leopard geckos
  67 orcs
  3 giant cockroaches
  A hobgoblin (D:3)
  8 jackals
  A quokka (D:4)
  A ball python (D:1)
  3 bats (D:1)
  2 frilled lizards
  3 goblins
  9 kobolds
  A rat (D:2)
257 creatures vanquished.

Vanquished Creatures (collateral kills)
  A yak (D:9)
  A phantom (D:10)
  A bullfrog (D:6)
  2 orc priests (Orc:2)
  A gnoll (D:10)
  A leopard gecko (D:5)
  5 orcs
  2 kobolds (D:10)
  A bat (D:1)
15 creatures vanquished.

Vanquished Creatures (others)
  An orc warrior (Orc:2)
  3 slaves (D:8)
  An ogre (D:8)
  3 killer bees (D:8)
  A bullfrog zombie (D:8)
  A centaur skeleton (D:8)
  An adder zombie (D:8)
  An orc (D:8)
12 creatures vanquished.

Grand Total: 284 creatures vanquished

Notes
Turn   | Place    | Note
-------+----------+-------------------------------------------
     0 | D:1      | tidbits the Gnoll Transmuter began the quest for the Orb.
     0 | D:1      | Reached XP level 1. HP: 17/17 MP: 6/6
    32 | D:1      | Reached XP level 2. HP: 16/23 MP: 7/7
    39 | D:1      | Learned a level 2 spell: Sticks to Snakes
   351 | D:3      | Reached XP level 3. HP: 28/28 MP: 7/9
   356 | D:3      | Learned a level 3 spell: Spider Form
   383 | D:3      | Reached skill level 5 in Spellcasting
   618 | D:4      | Reached skill level 1 in Short Blades
   618 | D:4      | Reached skill level 1 in Long Blades
   618 | D:4      | Reached skill level 1 in Axes
   618 | D:4      | Reached skill level 1 in Maces & Flails
   618 | D:4      | Reached skill level 1 in Polearms
   618 | D:4      | Reached skill level 1 in Staves
   618 | D:4      | Reached skill level 1 in Slings
   618 | D:4      | Reached skill level 1 in Bows
   618 | D:4      | Reached skill level 1 in Crossbows
   618 | D:4      | Reached skill level 1 in Throwing
   618 | D:4      | Reached skill level 1 in Armour
   618 | D:4      | Reached skill level 1 in Stealth
   618 | D:4      | Reached skill level 1 in Shields
   618 | D:4      | Reached skill level 1 in Invocations
   618 | D:4      | Reached skill level 1 in Evocations
   666 | D:5      | Entered Level 5 of the Dungeon
   670 | D:5      | Reached XP level 4. HP: 34/34 MP: 4/11
   684 | D:5      | Noticed an ogre
   715 | D:4      | Found a staircase to the Ecumenical Temple.
   721 | Temple   | Entered the Ecumenical Temple
   728 | Temple   | Became a worshipper of Cheibriados the Contemplative
   744 | D:4      | Reached skill level 1 in Conjurations
   744 | D:4      | Reached skill level 1 in Hexes
   744 | D:4      | Reached skill level 1 in Charms
   744 | D:4      | Reached skill level 1 in Summonings
   744 | D:4      | Reached skill level 1 in Necromancy
   744 | D:4      | Reached skill level 1 in Translocations
   744 | D:4      | Reached skill level 1 in Fire Magic
   744 | D:4      | Reached skill level 1 in Ice Magic
   744 | D:4      | Reached skill level 1 in Air Magic
   744 | D:4      | Reached skill level 1 in Earth Magic
   744 | D:4      | Reached skill level 1 in Poison Magic
   744 | D:4      | Reached XP level 5. HP: 31/40 MP: 7/12
   942 | D:5      | Reached skill level 3 in Fighting
   946 | D:5      | Killed an ogre
   946 | D:5      | Reached skill level 4 in Transmutations
   946 | D:5      | Reached skill level 2 in Invocations
   946 | D:5      | Reached XP level 6. HP: 47/47 MP: 6/13
  1093 | D:6      | Reached skill level 2 in Short Blades
  1093 | D:6      | Reached skill level 2 in Long Blades
  1093 | D:6      | Reached skill level 2 in Axes
  1093 | D:6      | Reached skill level 2 in Maces & Flails
  1093 | D:6      | Reached skill level 2 in Polearms
  1093 | D:6      | Reached skill level 2 in Staves
  1093 | D:6      | Reached skill level 2 in Slings
  1093 | D:6      | Reached skill level 2 in Bows
  1093 | D:6      | Reached skill level 2 in Crossbows
  1093 | D:6      | Reached skill level 2 in Throwing
  1093 | D:6      | Reached skill level 2 in Armour
  1093 | D:6      | Reached skill level 5 in Dodging
  1093 | D:6      | Reached skill level 2 in Stealth
  1093 | D:6      | Reached skill level 2 in Shields
  1093 | D:6      | Reached skill level 2 in Evocations
  1132 | D:7      | Noticed a hog
  1132 | D:7      | Noticed a human
  1132 | D:7      | Noticed a hog
  1132 | D:7      | Noticed a hog
  1133 | D:7      | Noticed a hog
  1145 | D:7      | Learned a level 4 spell: Ice Form
  1151 | D:7      | Learned a level 5 spell: Blade Hands
  1168 | D:7      | Noticed Joseph
  1223 | D:7      | Reached XP level 7. HP: 50/52 MP: 15/15
  1234 | D:7      | Reached * piety under Cheibriados
  1242 | D:7      | Reached skill level 7 in Unarmed Combat
  1281 | D:7      | Got an encrusted leather armour
  1297 | D:7      | Identified the +0 leather armour of Xirin {rF- rC+ Dex+3} (You found it on level 7 of the Dungeon)
  1341 | D:7      | Reached skill level 2 in Conjurations
  1341 | D:7      | Reached skill level 2 in Hexes
  1341 | D:7      | Reached skill level 2 in Charms
  1341 | D:7      | Reached skill level 2 in Summonings
  1341 | D:7      | Reached skill level 2 in Necromancy
  1341 | D:7      | Reached skill level 2 in Translocations
  1341 | D:7      | Reached skill level 2 in Fire Magic
  1341 | D:7      | Reached skill level 2 in Ice Magic
  1341 | D:7      | Reached skill level 2 in Air Magic
  1341 | D:7      | Reached skill level 2 in Earth Magic
  1341 | D:7      | Reached skill level 2 in Poison Magic
  1363 | D:7      | Killed Joseph
  1363 | D:7      | Reached skill level 3 in Invocations
  1363 | D:7      | Reached XP level 8. HP: 26/60 MP: 6/16
  1421 | D:8      | Gained mutation: You are frail. (-10% HP) [potion of mutation]
  1421 | D:8      | Lost mutation: You are frail. (-10% HP) [potion of mutation]
  1421 | D:8      | Gained mutation: Your mind is acute. (Int +2) [potion of mutation]
  1471 | D:8      | Reached skill level 4 in Fighting
  1471 | D:8      | Reached skill level 3 in Short Blades
  1471 | D:8      | Reached skill level 3 in Long Blades
  1471 | D:8      | Reached skill level 3 in Axes
  1471 | D:8      | Reached skill level 3 in Maces & Flails
  1471 | D:8      | Reached skill level 3 in Polearms
  1471 | D:8      | Reached skill level 3 in Staves
  1471 | D:8      | Reached skill level 3 in Slings
  1471 | D:8      | Reached skill level 3 in Bows
  1471 | D:8      | Reached skill level 3 in Crossbows
  1471 | D:8      | Reached skill level 3 in Throwing
  1471 | D:8      | Reached skill level 3 in Armour
  1471 | D:8      | Reached skill level 3 in Stealth
  1471 | D:8      | Reached skill level 3 in Shields
  1471 | D:8      | Reached skill level 3 in Evocations
  1511 | D:8      | Reached skill level 6 in Spellcasting
  1556 | D:8      | Noticed tidbits's ghost (novice GnTm)
  1587 | D:8      | Killed tidbits's ghost
  1587 | D:8      | Reached skill level 3 in Conjurations
  1587 | D:8      | Reached skill level 3 in Hexes
  1587 | D:8      | Reached skill level 3 in Charms
  1587 | D:8      | Reached skill level 3 in Summonings
  1587 | D:8      | Reached skill level 3 in Necromancy
  1587 | D:8      | Reached skill level 3 in Translocations
  1587 | D:8      | Reached skill level 3 in Fire Magic
  1587 | D:8      | Reached skill level 3 in Ice Magic
  1587 | D:8      | Reached skill level 3 in Air Magic
  1587 | D:8      | Reached skill level 3 in Earth Magic
  1587 | D:8      | Reached skill level 3 in Poison Magic
  1587 | D:8      | Reached skill level 4 in Invocations
  1587 | D:8      | Reached XP level 9. HP: 51/66 MP: 16/18
  1590 | D:8      | Reached skill level 6 in Dodging
  1594 | D:8      | Reached skill level 5 in Transmutations
  1658 | D:9      | Reached ** piety under Cheibriados
  1769 | D:10     | Entered Level 10 of the Dungeon
  1840 | D:10     | Reached skill level 4 in Short Blades
  1840 | D:10     | Reached skill level 4 in Long Blades
  1840 | D:10     | Reached skill level 4 in Axes
  1840 | D:10     | Reached skill level 4 in Maces & Flails
  1840 | D:10     | Reached skill level 4 in Polearms
  1840 | D:10     | Reached skill level 4 in Staves
  1840 | D:10     | Reached skill level 4 in Slings
  1840 | D:10     | Reached skill level 4 in Bows
  1840 | D:10     | Reached skill level 4 in Crossbows
  1840 | D:10     | Reached skill level 4 in Throwing
  1840 | D:10     | Reached skill level 4 in Armour
  1840 | D:10     | Reached skill level 4 in Stealth
  1840 | D:10     | Reached skill level 4 in Shields
  1840 | D:10     | Reached skill level 4 in Evocations
  1914 | D:10     | Noticed Grum
  1929 | D:10     | Killed Grum
  1929 | D:10     | Reached skill level 5 in Fighting
  1966 | D:10     | Reached skill level 8 in Unarmed Combat
  2010 | D:10     | Found a staircase to the Lair.
  2098 | D:10     | Reached *** piety under Cheibriados
  2101 | D:10     | Reached skill level 5 in Invocations
  2236 | D:9      | Reached skill level 7 in Spellcasting
  2236 | D:9      | Reached XP level 10. HP: 74/74 MP: 12/20
  2242 | D:9      | Reached skill level 4 in Conjurations
  2242 | D:9      | Reached skill level 4 in Hexes
  2242 | D:9      | Reached skill level 4 in Charms
  2242 | D:9      | Reached skill level 4 in Summonings
  2242 | D:9      | Reached skill level 4 in Necromancy
  2242 | D:9      | Reached skill level 4 in Translocations
  2242 | D:9      | Reached skill level 4 in Fire Magic
  2242 | D:9      | Reached skill level 4 in Ice Magic
  2242 | D:9      | Reached skill level 4 in Air Magic
  2242 | D:9      | Reached skill level 4 in Earth Magic
  2242 | D:9      | Reached skill level 4 in Poison Magic
  2325 | D:8      | Noticed Pikel
  2331 | D:8      | Killed Pikel
  2331 | D:8      | Reached skill level 5 in Short Blades
  2331 | D:8      | Reached skill level 5 in Long Blades
  2331 | D:8      | Reached skill level 5 in Axes
  2331 | D:8      | Reached skill level 5 in Maces & Flails
  2331 | D:8      | Reached skill level 5 in Polearms
  2331 | D:8      | Reached skill level 5 in Staves
  2331 | D:8      | Reached skill level 5 in Slings
  2331 | D:8      | Reached skill level 5 in Bows
  2331 | D:8      | Reached skill level 5 in Crossbows
  2331 | D:8      | Reached skill level 5 in Throwing
  2331 | D:8      | Reached skill level 5 in Armour
  2331 | D:8      | Reached skill level 5 in Stealth
  2331 | D:8      | Reached skill level 5 in Shields
  2331 | D:8      | Reached skill level 5 in Evocations
  2365 | D:8      | Got an ancient ring mail
  2376 | D:8      | Identified the +4 ring mail "Qeff" {rN++ Regen+ Str+4} (You found it on level 8 of the Dungeon)
  2481 | D:9      | Reached **** piety under Cheibriados
  2591 | D:9      | Reached skill level 7 in Dodging
  2650 | D:9      | Noticed a two-headed ogre
  2658 | D:9      | Killed a two-headed ogre
  2658 | D:9      | Reached skill level 6 in Fighting
  2693 | D:9      | Reached skill level 6 in Transmutations
  2693 | D:9      | Reached skill level 6 in Invocations
  2753 | D:10     | Noticed a two-headed ogre
  2761 | D:10     | Killed a two-headed ogre
  2917 | D:12     | Found a sparkling altar of Nemelex Xobeh.
  2977 | D:11     | Reached ***** piety under Cheibriados
  3091 | D:10     | Reached XP level 11. HP: 44/81 MP: 14/22
  3205 | D:11     | Found a staircase to the Orcish Mines.
  3242 | Orc:1    | Entered Level 1 of the Orcish Mines
  3249 | Orc:1    | Reached skill level 9 in Unarmed Combat
  3249 | Orc:1    | Reached skill level 6 in Short Blades
  3249 | Orc:1    | Reached skill level 6 in Long Blades
  3249 | Orc:1    | Reached skill level 6 in Axes
  3249 | Orc:1    | Reached skill level 6 in Maces & Flails
  3249 | Orc:1    | Reached skill level 6 in Polearms
  3249 | Orc:1    | Reached skill level 6 in Staves
  3249 | Orc:1    | Reached skill level 6 in Slings
  3249 | Orc:1    | Reached skill level 6 in Bows
  3249 | Orc:1    | Reached skill level 6 in Crossbows
  3249 | Orc:1    | Reached skill level 6 in Throwing
  3249 | Orc:1    | Reached skill level 6 in Armour
  3249 | Orc:1    | Reached skill level 6 in Stealth
  3249 | Orc:1    | Reached skill level 6 in Shields
  3249 | Orc:1    | Reached skill level 6 in Evocations
  3255 | Orc:1    | Reached skill level 5 in Conjurations
  3255 | Orc:1    | Reached skill level 5 in Hexes
  3255 | Orc:1    | Reached skill level 5 in Charms
  3255 | Orc:1    | Reached skill level 5 in Summonings
  3255 | Orc:1    | Reached skill level 5 in Necromancy
  3255 | Orc:1    | Reached skill level 5 in Translocations
  3255 | Orc:1    | Reached skill level 5 in Fire Magic
  3255 | Orc:1    | Reached skill level 5 in Ice Magic
  3255 | Orc:1    | Reached skill level 5 in Air Magic
  3255 | Orc:1    | Reached skill level 5 in Earth Magic
  3255 | Orc:1    | Reached skill level 5 in Poison Magic
  3371 | Orc:2    | Entered Level 2 of the Orcish Mines
  3371 | Orc:2    | Found a staircase to the Elven Halls.
  3395 | Orc:2    | Reached skill level 8 in Spellcasting
  3429 | Orc:2    | Noticed VLARC's ghost (journeyman OgIE)
  3440 | Orc:2    | Found a roughly hewn altar of Beogh.
  3457 | Orc:2    | Killed VLARC's ghost
  3461 | Orc:2    | Reached skill level 7 in Invocations
  3568 | Orc:2    | Found Seesofe's Distillery.
  3568 | Orc:2    | Noticed an orc knight
  3573 | Orc:2    | Reached skill level 7 in Fighting
  3573 | Orc:2    | Reached skill level 8 in Dodging
  3588 | Orc:2    | HP: 8/84 [orc warrior/halberd (31)]
  3638 | Orc:2    | Killed an orc knight
  3659 | Orc:2    | Noticed Baghtru's ghost (journeyman MiFi)
  3673 | Orc:2    | Killed Baghtru's ghost
  3684 | Orc:2    | Found Estim's Food Boutique.
  3709 | Orc:2    | Reached XP level 12. HP: 91/91 MP: 5/24
  3718 | Orc:2    | Bought a potion of agility for 72 gold pieces
  3718 | Orc:2    | Bought a potion of might for 72 gold pieces
  3718 | Orc:2    | Bought a potion of brilliance for 72 gold pieces
  3718 | Orc:2    | Bought a potion of mutation for 144 gold pieces
  3718 | Orc:2    | Lost mutation: Your mind is acute. (Int +2) [potion of mutation]
  3718 | Orc:2    | Gained mutation: You have sharp toenails. [potion of mutation]
  3718 | Orc:2    | Gained mutation: You evolve. [potion of mutation]
  3917 | Orc:2    | Reached skill level 7 in Transmutations
  3935 | Orc:2    | Reached skill level 7 in Short Blades
  3935 | Orc:2    | Reached skill level 7 in Long Blades
  3935 | Orc:2    | Reached skill level 7 in Axes
  3935 | Orc:2    | Reached skill level 7 in Maces & Flails
  3935 | Orc:2    | Reached skill level 7 in Polearms
  3935 | Orc:2    | Reached skill level 7 in Staves
  3935 | Orc:2    | Reached skill level 7 in Slings
  3935 | Orc:2    | Reached skill level 7 in Bows
  3935 | Orc:2    | Reached skill level 7 in Crossbows
  3935 | Orc:2    | Reached skill level 7 in Throwing
  3935 | Orc:2    | Reached skill level 7 in Armour
  3935 | Orc:2    | Reached skill level 7 in Stealth
  3935 | Orc:2    | Reached skill level 7 in Shields
  3935 | Orc:2    | Reached skill level 7 in Evocations
  3935 | Orc:2    | Mangled by an orc knight

Skill      XL: |  1  2  3  4  5  6  7  8  9 10 11 12 |
---------------+-------------------------------------+-----
Spellcasting   | 5 6 7 8 |  8.7
Short Blades   | 1 2 3 4 5 6 7 |  7.0
Long Blades    | 1 2 3 4 5 6 7 |  7.0
Axes           | 1 2 3 4 5 6 7 |  7.0
Maces & Flails | 1 2 3 4 5 6 7 |  7.0
Polearms       | 1 2 3 4 5 6 7 |  7.0
Staves         | 1 2 3 4 5 6 7 |  7.0
Slings         | 1 2 3 4 5 6 7 |  7.0
Bows           | 1 2 3 4 5 6 7 |  7.0
Crossbows      | 1 2 3 4 5 6 7 |  7.0
Throwing       | 1 2 3 4 5 6 7 |  7.0
Armour         | 1 2 3 4 5 6 7 |  7.0
Stealth        | 1 2 3 4 5 6 7 |  7.0
Shields        | 1 2 3 4 5 6 7 |  7.0
Invocations    | 1 2 3 4 5 6 7 |  7.6
Evocations     | 1 2 3 4 5 6 7 |  7.0
Conjurations   | 1 2 3 4 5 |  5.8
Hexes          | 1 2 3 4 5 |  5.8
Charms         | 1 2 3 4 5 |  5.8
Summonings     | 1 2 3 4 5 |  5.8
Necromancy     | 1 2 3 4 5 |  5.8
Translocations | 1 2 3 4 5 |  5.8
Fire Magic     | 1 2 3 4 5 |  5.8
Ice Magic      | 1 2 3 4 5 |  5.8
Air Magic      | 1 2 3 4 5 |  5.8
Earth Magic    | 1 2 3 4 5 |  5.8
Poison Magic   | 1 2 3 4 5 |  5.8
Fighting       | 3 4 5 6 7 |  7.5
Transmutations | 4 5 6 7 |  7.0
Dodging        | 5 6 7 8 |  8.4
Unarmed Combat | 7 8 9 |  9.6

Action                   |  1- 3 |  4- 6 |  7- 9 | 10-12 || total
-------------------------+-------+-------+-------+-------++-------
Melee: Unarmed           |    44 |    42 |   172 |   228 ||   486
       Kick              |     6 |       |       |    16 ||    22
       Bite              |     1 |       |     1 |    29 ||    31
       Headbutt          |     2 |       |       |       ||     2
       Punch             |     1 |     1 |     2 |    14 ||    18
       Dagger            |       |     1 |     7 |    19 ||    27
 Fire: Shortbow          |       |       |       |    18 ||    18
Throw: Throwing net      |       |       |     1 |       ||     1
       Tomahawk          |       |       |       |    13 ||    13
 Cast: Beastly Appendage |    11 |       |       |       ||    11
       Sticks to Snakes  |     5 |     5 |    16 |    12 ||    38
       Spider Form       |     4 |    10 |     6 |       ||    20
       Ice Form          |       |       |    12 |     4 ||    16
       Blade Hands       |       |       |     1 |    30 ||    31
Invok: Bend Time         |       |       |       |     5 ||     5
       Slouch            |       |       |       |     6 ||     6
 Abil: End Transformatio |       |       |     4 |     5 ||     9
Evoke: Wand              |       |       |       |     5 ||     5
  Use: Scroll            |       |    10 |     6 |     3 ||    19
       Potion            |       |     3 |     4 |     5 ||    12
 Stab: Sleeping          |       |     1 |     6 |     5 ||    12
       Distracted        |       |       |       |     1 ||     1
       Confused          |       |       |       |     1 ||     1
       Betrayed ally     |       |       |       |     1 ||     1
  Eat: Chunk             |       |     2 |     4 |     6 ||    12
       Ration            |       |       |       |     1 ||     1
Armor: Robe              |     4 |       |     2 |       ||     6
       Skin              |       |     7 |    39 |     5 ||    51
       Ring mail         |       |       |       |    44 ||    44
Dodge: Dodged            |    33 |    32 |   120 |   193 ||   378

Table legend:
 A = Turns spent in this place as a percentage of turns spent in the entire game.
 B = Non-inter-level travel turns spent in this place as a percentage of non-inter-level travel turns spent in the entire game.
 C = Inter-level travel turns spent in this place as a percentage of turns spent in this place.
 D = Turns resting spent in this place as a percentage of non-inter-level travel turns spent in this place.
 E = Turns spent auto-exploring this place as a percentage of non-inter-level travel turns spent in this place.
 F = Non-inter-level travel turns spent in this place divided by the number of levels of this place that you've seen.
                   A       B       C       D       E      F
               +-------+-------+-------+-------+-------+----------------------
         Total | 100.0 | 100.0 |   1.4 |   0.0 |   0.0 | 258.5
       Dungeon |  82.0 |  81.7 |   1.8 |   0.0 |   0.0 | 264.1
        Temple |   0.4 |   0.4 |   0.0 |   0.0 |   0.0 |  16.0
  Orcish Mines |  17.6 |  17.9 |   0.0 |   0.0 |   0.0 | 346.5
               +-------+-------+-------+-------+-------+----------------------

Table legend:
 A = Kills in this place as a percentage of kills in entire the game.
 B = Kills by you in this place as a percentage of kills by you in the entire game.
 C = Kills by friends in this place as a percentage of kills by friends in the entire game.
 D = Other kills in this place as a percentage of other kills in the entire game.
 E = Experience gained in this place as a percentage of experience gained in the entire game.
 F = Experience gained in this place divided by the number of levels of this place that you have seen.
                   A       B       C       D       E      F
               +-------+-------+-------+-------+-------+----------------------
         Total | 100.0 | 100.0 | 100.0 |   N/A | 100.0 | 1438.6
       Dungeon |  68.0 |  68.5 |  60.0 |   N/A |  50.4 | 905.8
  Orcish Mines |  32.0 |  31.5 |  40.0 |   N/A |  49.6 | 5355.0
               +-------+-------+-------+-------+-------+----------------------

Vault maps used:
D:1:      minmay_arrival_four_loops
D:2:      fountainhead
D:4:      temple_fountains, first_ration
D:6:      minmay_fire_ice_demons
D:7:      nicolae_overflow_crystal_walls, grunt_livestock, uniq_duvessa,
          uniq_joseph
D:8:      uniq_pikel
D:9:      minmay_misc_feat_tower
D:10:     minmay_lair_entry_lava, uniq_grum
D:11:     erik_orc_1, uniq_maurice, uniq_urug
D:12:     basic_altar, minmay_misc_feat_rows, minivault_16, uniq_snorg,
          uniq_erolcha
Temple:   nicolae_temple_the_god_donut
Orc:2:    pf_orc_diabolical, basic_altar
